 Dungeon Crawl Stone Soup version 0.17-a0-1830-g81820eb (webtiles) character file.

34 wvc the Slasher (level 3, 3/29 HPs)
             Began as a Centaur Warper on Sept 13, 2015.
             Quit the game on level 2 of the Dungeon.
             The game lasted 00:02:57 (1803 turns).

wvc the Slasher (Centaur Warper)                    Turns: 1803, Time: 00:02:58

Health: 3/29       AC:  4    Str: 13    XL:     3   Next: 14%
Magic:  5/5        EV:  9    Int: 12    God:
Gold:   109        SH:  0    Dex:  9    Spells: 1 memorised, 4 levels left

rFire  . . .     SeeInvis .     a - +0 falchion
rCold  . . .     Clarity  .     b - +0 leather armour
rNeg   . . .     SustAt   .     (no shield)
rPois  .         Gourm    .     (no helmet)
rElec  .         Spirit   .     (no cloak)
rCorr  .         Warding  .     (no gloves)
rMut   .         Stasis   .     (no barding)
MR     .....                    (no amulet)
Stlth  ..........               (no ring)
                                u - ring of wizardry

@: lethally poisoned (3 -> -8), very quick, not resistant to hostile
enchantments, extremely unstealthy
A: hooves 3, deformed body, speed 2, tough skin 3
a: no special abilities


You were on level 2 of the Dungeon.
You were not hungry.

You visited 1 branch of the dungeon, and saw 2 of its levels.

You collected 109 gold pieces.

Inventory:

Hand weapons
 a - a +0 falchion (weapon)
Armour
 b - a +0 leather armour (worn)
Jewellery
 u - a ring of wizardry (left hand)
Scrolls
 d - 2 scrolls of blinking
 g - 3 scrolls of teleportation
 h - a scroll of random uselessness {unknown}
 i - 2 scrolls of immolation {unknown}
 k - 2 scrolls of identify
 l - a scroll of recharging {unknown}
 r - a scroll of noise {unknown}
 t - a scroll of remove curse {unknown}
Potions
 e - a potion of curing
 n - a potion of agility
 o - 2 potions of flight
 q - 2 potions of cure mutation
Books
 c - a book of Spatial Translocations

   Spells                             Type                      Level
   a - Apportation                    Translocation                1
   b - Blink                          Translocation                2
   c - Shroud of Golubria             Charms/Translocation         2
   d - Portal Projectile              Translocation                3
   e - Teleport Other                 Translocation                3
   f - Passage of Golubria            Translocation                4
Comestibles
 f - 2 bread rations
 p - 3 meat rations


   Skills:
 - Level 2.0 Fighting
 * Level 3.3 Long Blades
 - Level 1.3 Throwing
 - Level 0.6 Armour
 - Level 1.3 Dodging
 - Level 1.5 Spellcasting
 - Level 2.6 Translocations


You had 4 spell levels left.
You knew the following spells:

 Your Spells              Type           Power        Failure   Level  Hunger
a - Apportation           Tloc           #.........   6%          1    ##.....


Dungeon Overview and Level Annotations

Branches:
Dungeon (2/15)

Altars:
Ashenzari


Innate Abilities, Weirdness & Mutations

You have hooves in place of feet.
Armour fits poorly on your strangely shaped body.
You cover ground very quickly.
You have extremely tough skin (AC +3).


Message History

The adder is lightly wounded.
You feel sick. The adder closely misses you.
The adder bites you but does no damage.
You closely miss the adder. Your kick misses the adder.
The adder is lightly wounded.
The adder barely misses you.
You closely miss the adder. Your kick misses the adder.
The adder is lightly wounded.
You feel sick. The adder barely misses you.
You hit the adder. Your kick misses the adder.
The adder is severely wounded.
The adder bites you.
* * * LOW HITPOINT WARNING * * *
The adder bites you.
* * * LOW HITPOINT WARNING * * *
You are more poisoned.
The adder poisons you!
Quiver which item? (- for none, * to show all) (? for menu, Esc to quit)
Okay, then.
Are you sure you want to abandon this character and quit the game? (Confirm with "yes".)

#........##
######.#......####
#.........>.......
#.####........####
#.# ###..........
#.# ##..#.#####
#.# #....# #.#
##....# #@#
#.....# #S#
#.......# #.#
##.....## #.#
##....# #.# #..#.#
#.# #..#.. #.#
#..#### #.. ....
...


You could see an adder.

Vanquished Creatures
  An adder (D:2)
  A giant gecko (D:1)
  5 goblins (D:1)
  6 hobgoblins
  4 kobolds
  2 bats (D:1)
  2 giant newts
  3 rats
24 creatures vanquished.

Notes
Turn   | Place    | Note
--------------------------------------------------------------
     0 | D:1      | wvc the Centaur Warper began the quest for the Orb.
     0 | D:1      | Reached XP level 1. HP: 17/17 MP: 3/3
   147 | D:1      | Found a shattered altar of Ashenzari.
   244 | D:1      | Reached XP level 2. HP: 15/24 MP: 4/4
  1314 | D:2      | Reached skill level 3 in Long Blades
  1530 | D:2      | Reached XP level 3. HP: 13/29 MP: 5/5
  1803 | D:2      | Quit the game

Vault maps used:
D:1:      scummos_arrival_star, nicolae_ashenzari_panopticon
D:2:      cheibrodos_gnoll_hut

Action                   || total
-------------------------++-------
Melee: Falchion          ||    97
Throw: Tomahawk          ||     5
  Use: Scroll            ||     6
       Potion            ||     3
  Eat: Chunk             ||     1
       Pizza             ||     1
